 Dungeon Crawl Stone Soup version 0.24-a0-504-gcfb02b9d07 (webtiles) character file.

Game seed: 14677677559444599722

7928 Inarius the Grappler (level 11, 0/74 HPs)
             Began as a Ghoul Gladiator on July 16, 2019.
             Was a High Priest of Hepliaklqana.
             Killed from afar by a gargoyle (17 damage)
             ... with a stone arrow
             ... on level 10 of the Dungeon.
             The game lasted 00:22:25 (8780 turns).

Inarius the Grappler (Ghoul Gladiator)              Turns: 8780, Time: 00:22:26

Health: 0/74       AC: 11    Str: 21    XL:     11   Next: 22%
Magic:  22/22      EV: 12    Int:  4    God:    Hepliaklqana [*****.]
Gold:   48         SH:  0    Dex: 13    Spells: 10/10 levels left

rFire    . . .     SeeInvis .     - Unarmed
rCold    + . .     Gourm    .   (no shield)
rNeg     + + +     Faith    .   n - +0 swamp dragon scales
rPois    ∞         Spirit   .   u - +0 helmet
rElec    .         Reflect  .   g - +0 cloak
rCorr    .         Harm     .   (no gloves)
MR       .....                  (no boots)
Stlth    ..........             (no amulet)
HPRegen  0.00/turn              f - ring of magical power
MPRegen  0.18/turn              s - +3 ring of dexterity

@: confused, rotting
A: rotting body, reduced essence, claws 1, carnivore, cold resistance 1,
negative energy resistance 3, inhibited regeneration, torment resistance,
unbreathing
a: Recall Ancestor, Ancestor Identity, Transference, Idealise, Renounce Religion


You were on level 10 of the Dungeon.
You worshipped Hepliaklqana.
Hepliaklqana was extremely pleased with you.
You were not hungry.

You visited 1 branch of the dungeon, and saw 10 of its levels.

You collected 620 gold pieces.
You spent 572 gold pieces at shops.

Inventory:

Missiles
 c - 5 throwing nets
 m - 5 silver javelins
 C - 3 silver boomerangs (quivered)
 E - 8 javelins
Armour
 g - a +0 cloak (worn)
 l - a +2 leather armour of fire resistance
 n - +0 swamp dragon scales (worn)
 u - a +0 helmet (worn)
 I - a +0 plate armour
Jewellery
 f - a ring of magical power (left claw)
 s - a +3 ring of dexterity (right claw)
 N - a +3 amulet of reflection {unknown}
Wands
 r - a wand of disintegration (16)
 t - a wand of random effects (19)
 w - a wand of polymorph (7)
Scrolls
 a - a scroll of amnesia
 b - 2 scrolls of fear {unknown}
 h - 3 scrolls of immolation
 q - 2 scrolls of noise
 x - 7 scrolls of teleportation
 y - a scroll of fog
 D - a scroll of summoning {unknown}
 F - 3 scrolls of remove curse
 J - a scroll of vulnerability
 K - a scroll of enchant weapon
 L - 2 scrolls of identify
 M - 2 scrolls of acquirement
Potions
 e - a potion of agility {unknown}
 i - a potion of resistance {unknown}
 j - 5 potions of curing
 k - a potion of magic {unknown}
 o - a potion of ambrosia
 p - a potion of brilliance
 v - a potion of heal wounds {unknown}
 z - a potion of flight
 A - a potion of haste {unknown}
 B - 3 potions of might {unknown}
 G - 2 potions of lignification {unknown}
Comestibles
 d - 24 rations
 H - 8 chunks of flesh


   Skills:
 + Level 3.8 Fighting
 - Level 1.9 Throwing
 * Level 7.1 Armour
 - Level 3.0 Dodging
 + Level 2.4 Stealth
 * Level 14.1 Unarmed Combat
 * Level 4.6 Invocations
 - Level 3.9 Evocations


You had 10 spell levels left.
You didn't know any spells.
Your spell library was empty.

Dungeon Overview and Level Annotations

Branches:
Dungeon (10/15) Temple (0/1) D:6 Lair (0/6) D:10 Orc (0/2) D:9 D:10

Altars:
Ashenzari
Cheibriados
Dithmenos
Elyvilon
Gozag
Hepliaklqana
Kikubaaqudgha
Ru
Sif Muna
Uskayaw
Xom
Yredelemnul
The Shining One

Shops:
D:5 (   D:10 ?%:[


Innate Abilities, Weirdness & Mutations

Your body is rotting away.
You thrive on raw meat.
You are immune to poison.
You have sharp fingernails.
You are carnivorous and can eat meat at any time.
Your flesh is cold resistant. (rC+)
You are immune to negative energy. (rN+++)
You do not regenerate when monsters are visible.
You are immune to unholy pain and torment.
You can survive without breathing.
Your life essence is reduced to manifest your ancestor. (-10% HP)


Message History

The gargoyle is lightly damaged.
The gargoyle hurls a stone arrow at you.
The stone arrow hits you! The gargoyle hits you with a +0 mace!!
* * * LOW HITPOINT WARNING * * *
You are too injured to fight recklessly!
Unknown command.
You are too injured to fight recklessly!
You swap places.
Ur-Dumizida hits the gargoyle but does no damage.
Unknown command.
The gargoyle hurls a stone arrow at you.
The stone arrow hits you!
* * * LOW HITPOINT WARNING * * *
Ur-Dumizida hits the gargoyle with a +0 dagger of draining.
You are confused.
You feel invigorated.
The gargoyle hurls a stone arrow at you.
The stone arrow hits you!
You die...

### #.## R#.##########
###.##......# #
##.#.####.# ##....##.#
# ##.#.#.##.########
###)##.#.##.....@..#
.#.###....÷.######9####
.(...###.##.# #..R...#
#)##.# #....# #......#
#.##.# ###### #.#.##.#
#.##.# #.......#.#.# .#
#(##.# #............ #
#(##.###.........#.#
.((....#............


You could see a gargoyle.

Vanquished Creatures
  A two-headed ogre (D:9)
  A troll (D:10)
  4 slime creatures (D:10)
  Eustachio (D:4)
  A wraith (D:10)
  A hungry ghost (D:9)
  3 soldier ants
  4 orc warriors
  A sky beast (D:8)
  2 black bears
  A phantom (D:4)
  2 eyes of draining
  3 ogres
  6 centaurs
  4 bullfrogs
  A wyvern skeleton (D:10)
  5 scorpions
  14 killer bees
  A howler monkey (D:5)
  A vampire bat (D:5)
  2 bullfrog zombies
  2 crimson imps
  4 jellies
  A quasit (D:7)
  6 orc priests
  3 hounds
  A gnoll shaman (D:7)
  Crazy Yiuf (D:5)
  Ijyb (D:3)
  An iguana (D:4)
  Natasha (D:4)
  6 orc wizards
  5 worker ants
  A killer bee zombie (D:8)
  A hound zombie (D:8)
  2 hound skeletons (D:5)
  Robin (D:3)
  8 gnolls
  10 adders
  3 shadow imps
  An ooze (D:6)
  2 worms
  2 dart slugs (D:2)
  A leopard gecko (D:1)
  47 orcs
  A ball python (D:3)
  A bat skeleton (D:5)
  4 bat zombies (D:5)
  6 giant cockroaches
  15 goblins
  10 hobgoblins
  A jackal (D:4)
  3 quokkas
  9 bats
  3 frilled lizards
  18 kobolds
  A leopard gecko zombie (D:5)
  A quokka skeleton (D:6)
  5 rats (D:2)
  A rat zombie (D:4)
  A spectral orc (D:9)
250 creatures vanquished.

Vanquished Creatures (collateral kills)
  A two-headed ogre (D:10)
  2 slime creatures (D:10)
  An orc warrior (D:8)
  An ogre (D:7)
  A killer bee (D:10)
  A hound (D:4)
  An iguana (D:7)
  2 orc wizards (D:6)
  A gnoll (D:3)
  8 orcs
  A giant cockroach (D:3)
  2 jackals (D:4)
  A quokka (D:3)
  A rat zombie (D:4)
24 creatures vanquished.

Vanquished Creatures (others)
  3 hexers
  3 ancestors
6 creatures vanquished.

Grand Total: 280 creatures vanquished

Notes
Turn   | Place    | Note
-------+----------+-------------------------------------------
     0 | D:1      | Inarius the Ghoul Gladiator began the quest for the Orb.
     0 | D:1      | Reached XP level 1. HP: 17/17 MP: 0/0
   554 | D:1      | Reached XP level 2. HP: 25/25 MP: 1/1
  1383 | D:2      | Reached XP level 3. HP: 30/30 MP: 2/2
  1397 | D:2      | Reached skill level 4 in Unarmed Combat
  1556 | D:2      | Found a deep blue altar of Sif Muna.
  1708 | D:2      | Found a glowing golden altar of the Shining One.
  1757 | D:2      | Found a hazy altar of Hepliaklqana.
  1788 | D:2      | Became a worshipper of Hepliaklqana the Forgotten
  2043 | D:3      | Reached XP level 4. HP: 33/33 MP: 3/3
  2054 | D:3      | Reached skill level 1 in Armour
  2159 | D:3      | Noticed Ijyb
  2180 | D:3      | Killed Ijyb
  2180 | D:3      | Reached skill level 5 in Unarmed Combat
  2243 | D:3      | Reached XP level 5. HP: 36/36 MP: 4/4
  2244 | D:3      | Found a shadowy altar of Dithmenos.
  2445 | D:3      | Noticed Robin
  2480 | D:3      | Killed Robin
  2480 | D:3      | Reached skill level 1 in Invocations
  2506 | D:3      | Reached * piety under Hepliaklqana
  2755 | D:4      | Noticed a phantom
  2951 | D:4      | Killed a phantom
  2951 | D:4      | Reached skill level 6 in Unarmed Combat
  2951 | D:4      | Reached XP level 6. HP: 39/45 MP: 6/6
  2993 | D:4      | Noticed an orc warrior
  2998 | D:4      | Killed an orc warrior
  3018 | D:4      | Reached XP level 7. HP: 23/50 MP: 7/7
  3056 | D:4      | Reached skill level 7 in Unarmed Combat
  3056 | D:4      | Reached skill level 1 in Evocations
  3067 | D:4      | Found a sand-covered staircase.
  3160 | D:4      | Reached ** piety under Hepliaklqana
  3161 | D:4      | Remembered your ancestor Ur-Dumizida as a hexer
  3320 | D:4      | Noticed Natasha
  3321 | D:4      | Noticed Eustachio
  3333 | D:4      | Killed Natasha
  3565 | D:4      | Killed Eustachio
  3670 | D:5      | Entered Level 5 of the Dungeon
  3674 | D:5      | Found an opulent altar of Gozag.
  3732 | D:5      | Found a sacrificial altar of Ru.
  3763 | D:5      | Reached skill level 8 in Unarmed Combat
  3764 | D:5      | Reached XP level 8. HP: 55/55 MP: 9/9
  3829 | D:5      | Found a shattered altar of Ashenzari.
  3923 | D:5      | Found Ymusa's Weapon Emporium.
  3972 | D:5      | Found an ancient bone altar of Kikubaaqudgha.
  4141 | D:5      | Found a runed translucent door.
  4142 | D:5      | Noticed Crazy Yiuf
  4149 | D:5      | Killed Crazy Yiuf
  4919 | D:6      | Reached *** piety under Hepliaklqana
  4927 | D:6      | Reached skill level 9 in Unarmed Combat
  5111 | D:6      | Found a staircase to the Ecumenical Temple.
  5142 | D:6      | Found a white marble altar of Elyvilon.
  5170 | D:6      | Reached XP level 9. HP: 36/62 MP: 10/10
  5244 | D:6      | Found a snail-covered altar of Cheibriados.
  5568 | D:7      | Found a shimmering altar of Xom.
  5613 | D:7      | Reached skill level 10 in Unarmed Combat
  5740 | D:7      | Reached skill level 5 in Armour
  6367 | D:8      | Reached skill level 11 in Unarmed Combat
  6437 | D:8      | Reached **** piety under Hepliaklqana
  6791 | D:8      | Noticed a +0 dagger
  6792 | D:8      | Noticed a +0 hand axe
  6794 | D:8      | Found a hide-covered altar of Uskayaw.
  6889 | D:8      | Found a shimmering altar of Xom.
  6947 | D:8      | Reached XP level 10. HP: 58/69 MP: 11/11
  7030 | D:9      | Noticed a two-headed ogre
  7095 | D:9      | Killed a two-headed ogre
  7095 | D:9      | Reached skill level 1 in Stealth
  7095 | D:9      | Reached skill level 12 in Unarmed Combat
  7504 | D:9      | Found a basalt altar of Yredelemnul.
  7579 | D:9      | Reached ***** piety under Hepliaklqana
  7716 | D:10     | Entered Level 10 of the Dungeon
  7944 | D:10     | Found a staircase to the Lair.
  7989 | D:10     | Found a staircase to the Orcish Mines.
  8033 | D:10     | Reached skill level 13 in Unarmed Combat
  8218 | D:10     | Found Jivub's Armour Shop.
  8357 | D:10     | Reached XP level 11. HP: 60/74 MP: 13/13
  8476 | D:10     | Noticed a two-headed ogre
  8485 | D:10     | Killed a two-headed ogre
  8492 | D:10     | Found Poobuqod's Book Boutique.
  8495 | D:10     | Found Mieff's Food Shoppe.
  8507 | D:10     | Found Ubul's Magic Scroll Emporium.
  8512 | D:10     | Reached skill level 14 in Unarmed Combat
  8541 | D:10     | Bought a scroll of acquirement for 572 gold pieces
  8780 | D:10     | Killed from afar by a gargoyle

Levels and vault maps discovered:
D:1:      evilmike_arrival_hilbert_curve, layout_basic
D:2:      layout_loops_ring, marbit_many_paths, lemuel_doored_altar,
          lemuel_crystal_altar, first_ration, chequers_serial_rivers_micro_b,
          st_stairs_11
D:3:      layout_loops_ring, nicolae_dithmenos_through_a_glass_darkly,
          uniq_ijyb, uniq_robin
D:4:      layout_gridville, enter_ossuary_4, uniq_natasha, uniq_eustachio
D:5:      layout_basic, nicolae_overflow_crystal_walls, kennysheep_little_box,
          kennysheep_vampire_church, serial_shops, shop,
          nicolae_ashenzari_panopticon, uniq_crazy_yiuf_cottage
D:6:      layout_layer_cave, cheibriados_altar_1, elyvilon_altar_4,
          minmay_temple_entry_arrows, chequers_jeans,
          hangedman_decor_diamond_cutter
D:7:      layout_cave_pods, xom_teletrap_fun
D:8:      layout_cave_pools, dancing_weapons_uskayaw, lemuel_crystal_altar,
          hangedman_pestilent_swarm
D:9:      layout_cave_pools, yredelemnul_forgotten_temple_becter
D:10:     layout_loops_cross, dpeg_oklobed_lair, serial_shops, shop,
          nicolae_shop_competitors_out_of_business, nicolae_shop_trees,
          shop_fountains, special_room [special_room_orc]

Skill      XL: |  1  2  3  4  5  6  7  8  9 10 11 |
---------------+----------------------------------+-----
Unarmed Combat | 4 5 6 8 9 11 13 14 | 14.1
Dodging        | 3 |  3.0
Armour         | 1 2 3 4 5 6 7 |  7.1
Invocations    | 1 2 3 4 |  4.6
Evocations     | 1 2 3 |  3.9
Fighting       | 3 |  3.8
Stealth        | 2 |  2.4
Throwing       | |  1.9

Action                   |  1- 3 |  4- 6 |  7- 9 | 10-12 || total
-------------------------+-------+-------+-------+-------++-------
Melee: Unarmed           |   155 |    98 |   366 |   202 ||   821
       Punch             |       |     2 |    12 |    10 ||    24
Throw: Throwing net      |     3 |     1 |     2 |       ||     6
       Boomerang         |       |       |     1 |     5 ||     6
Invok: Ancestor Life: He |       |       |     1 |       ||     1
Evoke: Wand              |       |     9 |     2 |     8 ||    19
  Use: Scroll            |       |     6 |     9 |     2 ||    17
       Potion            |       |     1 |       |     1 ||     2
 Stab: Confused          |       |       |     5 |     3 ||     8
       Distracted        |       |       |     1 |     4 ||     5
       Sleeping          |       |       |       |     1 ||     1
  Eat: Chunk             |    21 |    11 |    53 |    56 ||   141
Armor: Leather armour    |    49 |       |       |       ||    49
       Swamp dragon scal |    10 |    36 |   118 |    89 ||   253
       Scale mail        |       |       |    69 |       ||    69
Dodge: Dodged            |   105 |    50 |   239 |   140 ||   534

Table legend:
 A = Non-vault XP
 B = Vault XP
 C = Vault XP percentage of total XP
 D = Non-vault monster count
 E = Vault monster count
 F = Vault count percentage of total count
                 A         B        C        D         E       F
            +---------+---------+-------+---------+---------+-------
      Total |   10295 |    1031 |   9.1 |     214 |      60 |  21.9
            +---------+---------+-------+---------+---------+-------
        D:1 |      27 |       0 |   0.0 |      16 |       0 |   0.0
        D:2 |      31 |      11 |  26.2 |      21 |       4 |  16.0
        D:3 |      76 |      77 |  50.3 |      15 |      14 |  48.3
        D:4 |     628 |     246 |  28.1 |      19 |       4 |  17.4
        D:5 |     499 |     107 |  17.7 |      20 |       7 |  25.9
        D:6 |     832 |       0 |   0.0 |      24 |       0 |   0.0
        D:7 |     921 |       0 |   0.0 |      29 |       0 |   0.0
        D:8 |    1052 |     351 |  25.0 |      22 |       4 |  15.4
        D:9 |    1996 |      57 |   2.8 |      18 |       7 |  28.0
       D:10 |    4233 |     182 |   4.1 |      30 |      20 |  40.0
            +---------+---------+-------+---------+---------+-------
